 Dungeon Crawl Stone Soup version 0.23.2-1-ga50397a (webtiles) character file.

Game seed: 13438856457771706731

8893 shadizar the Fighter (level 11, -5/71 HPs)
             Began as a Gargoyle Fighter on May 12, 2019.
             Was a High Priest of the Shining One.
             Killed from afar by an acid dragon (17 damage)
             ... with a splash of acid
             ... on level 11 of the Dungeon.
             The game lasted 00:14:18 (9451 turns).

shadizar the Fighter (Gargoyle Fighter)             Turns: 9451, Time: 00:14:19

Health: -5/71      AC: 28    Str: 27    XL:     11   Next: 38%
Magic:  11/11      EV:  9    Int: 10    God:    the Shining One [*****.]
Gold:   597        SH: 12    Dex:  9    Spells: 10/10 levels left

rFire    . . .     SeeInvis .   d - +3 whip
rCold    . . .     Gourm    .   c - +0 shield
rNeg     + + +     Faith    .   I - +2 plate armour {rPois}
rPois    ∞         Spirit   .   v - +0 helmet
rElec    +         Reflect  .   (no cloak)
rCorr    .         Harm     .   G - +0 pair of gloves
MR       .....                  o - +0 pair of boots
Stlth    ..........             (no amulet)
HPRegen  0.21/turn              (no ring)
MPRegen  0.12/turn              (no ring)

@: mighty, glowing
A: negative energy resistance 1, electricity resistance, unbreathing,
petrification resistance, rot immunity, AC +8
a: Divine Shield, Cleansing Flame, Summon Divine Warrior, Renounce Religion


You were on level 11 of the Dungeon.
You worshipped the Shining One.
The Shining One was extremely pleased with you.
You were not hungry.

You visited 2 branches of the dungeon, and saw 12 of its levels.
You also visited: Ossuary.

You collected 597 gold pieces.

Inventory:

Hand Weapons
 d - a +3 whip (weapon)
 H - a +3 hunting sling of freezing
Missiles
 D - 160 arrows
 J - 63 sling bullets
Armour
 c - a +0 shield (worn)
 o - a +0 pair of boots (worn)
 v - a +0 helmet (worn)
 G - a +0 pair of gloves (worn)
 I - a +2 plate armour of poison resistance (worn)
 M - the +0 robe "Keont" {Regen+ rCorr SInv, unknown}
   (You found it on level 8 of the Dungeon)

   It lets you see invisible.
   It increases your rate of regeneration.
   It provides partial protection from all sources of acid and corrosion.
Jewellery
 l - an uncursed ring of fire
Wands
 r - a wand of polymorph (17)
 w - a wand of enslavement (6)
 y - a wand of iceblast (41)
 L - a wand of flame (46)
 Q - a wand of scattershot (7)
Scrolls
 g - 8 scrolls of remove curse
 h - 12 scrolls of identify {unknown}
 j - 3 scrolls of fog {unknown}
 m - 3 scrolls of teleportation {unknown}
 q - 3 scrolls of fear {unknown}
 s - 3 scrolls of noise {unknown}
 z - 2 scrolls of random uselessness {unknown}
 A - 2 scrolls of enchant weapon {unknown}
 B - 3 scrolls of amnesia {unknown}
 C - a scroll of holy word {unknown}
 E - 3 scrolls of enchant armour {unknown}
 K - a scroll of acquirement {unknown}
 N - a scroll of blinking {unknown}
 O - 2 scrolls of immolation {unknown}
 P - a scroll of magic mapping {unknown}
Potions
 a - 2 potions of might
 b - a potion of lignification {unknown}
 e - 3 potions of flight {unknown}
 i - 3 potions of brilliance {unknown}
 k - 3 potions of haste {unknown}
 n - 3 potions of berserk rage {unknown}
 p - 2 potions of curing {unknown}
 t - 4 potions of heal wounds {unknown}
 u - 8 potions of degeneration {unknown}
 x - 2 potions of mutation {unknown}
 F - a potion of invisibility {unknown}
Comestibles
 f - 25 rations
 R - 7 chunks of flesh


   Skills:
 + Level 9.2 Fighting
 + Level 8.1 Maces & Flails
 + Level 9.2 Armour
 + Level 6.4 Dodging
 + Level 9.2 Shields


You had 10 spell levels left.
You didn't know any spells.
Your spell library contained the following spells:

 Spells                   Type           Power        Failure   Level  Hunger
 Beastly Appendage        Tmut           #.....       100%        1    ##.....
 Flame Tongue             Conj/Fire      #....        100%        1    ##.....
 Sticks to Snakes         Tmut           #.......     100%        2    ###....
 Throw Flame              Conj/Fire      #.....       100%        2    ###....
 Conjure Flame            Conj/Fire      #.......     100%        3    ####...
 Inner Flame              Hex/Fire       #.......     100%        3    ####...
 Spider Form              Tmut/Pois      #.........   100%        3    ####...
 Ice Form                 Ice/Tmut       #.......     100%        4    #####..
 Sticky Flame             Conj/Fire      #.......     100%        4    #####..
 Blade Hands              Tmut           #.........   100%        5    ######.
 Fireball                 Conj/Fire      #.........   100%        5    ######.


Dungeon Overview and Level Annotations

Branches:
Dungeon (11/15)            Temple (1/1) D:4             Orc (0/2) D:9
   Lair: D:8-11

Altars:
Ashenzari
Cheibriados
Dithmenos
Elyvilon
Fedhas
Gozag
Hepliaklqana
Kikubaaqudgha
Makhleb
Nemelex Xobeh
Okawaru
Qazlal
Ru
Sif Muna
Trog
Uskayaw
Vehumet
Wu Jian
Xom
Yredelemnul
Zin
The Shining One

Shops:
D:11 :

Annotations:
D:7 1 runed translucent door, Crazy Yiuf


Innate Abilities, Weirdness & Mutations

You are resistant to torment.
Your stone body is resilient. (AC +8)
You are immune to poison.
You resist negative energy. (rN+)
You are resistant to electric shocks. (rElec)
You can survive without breathing.
You are immune to petrification.
You are immune to rotting.


Message History

The acid dragon is heavily wounded.
A yak comes into view.
The acid dragon spits acid at you.
The splash of acid hits you but does no damage.
You are splashed with acid!
* * * LOW HITPOINT WARNING * * *
You hear a bellow! x2
You feel very mighty all of a sudden. The acid dragon bites you.
* * * LOW HITPOINT WARNING * * *
The acid dragon claws you but does no damage.
Unknown command.
Your shield and plate armour prevent you from hitting the acid dragon.
The acid dragon is heavily wounded.
A yak comes into view.
You whack the acid dragon!
The acid dragon is severely wounded.
The acid dragon spits acid at you. The splash of acid hits you!
You die...

# #.....#.# ##.# ..
#.###.#.## ..... ... #.#
#....###..... .... #.#
#.##........#
#...###.###.###........
#...............>.#.###
#...##..###.##.##.....#
P....#. #.####.÷.†#
##.#.. ..P..
..##@##....### #.##[
.........D.††..#####
.....
.Y..#.............##.....
..####....######........
.................#.....
#.##...######..........
#<..>#.#####......##..#
#.............##.##....
#.÷....##...####.#.....


You could see a yak and an acid dragon.

Vanquished Creatures
  Josephine (D:10)
  An ugly thing (D:11)
  Joseph (D:7)
  A hornet (D:9)
  Grinder (D:5)
  2 hippogriffs
  4 wraiths
  4 yaks (D:11)
  2 hungry ghosts
  5 wargs
  A water moccasin (D:9)
  A soldier ant (D:11)
  4 orc warriors
  An ice beast (D:9)
  3 phantoms
  A sky beast (D:11)
  An eye of draining (D:11)
  3 ogres
  8 centaurs
  A crocodile (D:9)
  2 elf zombies (Ossuary)
  2 big kobolds (D:9)
  5 bullfrogs
  A scorpion (D:5)
  3 wights (D:8)
  A howler monkey (D:11)
  9 crimson imps
  A human zombie (Ossuary)
  2 centaur zombies
  3 orc priests
  3 bullfrog skeletons
  7 hounds
  3 centaur skeletons
  2 iguanas
  4 orc wizards
  7 worker ants
  3 big kobold zombies (Ossuary)
  A hound skeleton (D:11)
  3 mummies
  A howler monkey zombie (D:7)
  A worker ant zombie (D:3)
  A gnoll (D:1)
  A howler monkey skeleton (D:4)
  10 adders
  A shadow imp (D:6)
  An ooze (D:1)
  4 adder zombies
  A worm (D:3)
  A dart slug (D:4)
  5 leopard geckos
  31 orcs
  A ball python (D:3)
  5 giant cockroaches
  7 hobgoblins
  11 jackals
  9 quokkas
  4 bats
  A frilled lizard (D:1)
  5 goblins
  12 hobgoblin zombies (Ossuary)
  A jackal skeleton (D:5)
  2 jackal zombies (Ossuary)
  10 kobolds
  6 kobold zombies (Ossuary)
  A leopard gecko skeleton (D:6)
  A leopard gecko zombie (D:6)
  7 orc zombies (Ossuary)
  9 rats
  A rat zombie (Ossuary)
259 creatures vanquished.

Vanquished Creatures (others)
  A bush (D:6)
  4 plants (D:11)
5 creatures vanquished.

Grand Total: 264 creatures vanquished

Notes
Turn   | Place    | Note
-------+----------+-------------------------------------------
     0 | D:1      | shadizar the Gargoyle Fighter began the quest for the Orb.
     0 | D:1      | Reached XP level 1. HP: 14/14 MP: 1/1
   301 | D:1      | Reached XP level 2. HP: 19/19 MP: 2/2
   641 | D:1      | Reached XP level 3. HP: 23/23 MP: 3/3
  1027 | D:2      | Found a hazy altar of Hepliaklqana.
  1030 | D:2      | Found an iron altar of Okawaru.
  1033 | D:2      | Found a glowing silver altar of Zin.
  1042 | D:2      | Found a stormy altar of Qazlal.
  1117 | D:2      | Noticed a phantom
  1276 | D:2      | Reached skill level 1 in Dodging
  1310 | D:2      | Found a sparkling altar of Nemelex Xobeh.
  1460 | D:2      | Reached XP level 4. HP: 28/29 MP: 4/4
  1957 | D:3      | Reached XP level 5. HP: 25/33 MP: 5/5
  2081 | D:3      | Found an ancient bone altar of Kikubaaqudgha.
  2890 | D:4      | Found a staircase to the Ecumenical Temple.
  2921 | Temple   | Entered the Ecumenical Temple
  3001 | Temple   | Became a worshipper of the Shining One
  3062 | D:4      | Reached XP level 6. HP: 28/39 MP: 6/6
  3298 | D:4      | Found a bloodstained altar of Trog.
  3563 | D:5      | Entered Level 5 of the Dungeon
  3621 | D:5      | Reached XP level 7. HP: 23/44 MP: 7/7
  3657 | D:5      | Reached skill level 5 in Fighting
  3718 | D:5      | Reached * piety under the Shining One
  3748 | D:5      | Reached skill level 5 in Armour
  3783 | D:5      | Reached skill level 5 in Shields
  4004 | D:5      | Noticed Grinder
  4013 | D:5      | Paralysed by Grinder for 2 turns
  4032 | D:5      | Killed Grinder
  4032 | D:5      | Reached XP level 8. HP: 38/50 MP: 8/8
  4369 | D:6      | Found a sand-covered staircase.
  4381 | Ossuary  | Entered an ossuary
  4389 | Ossuary  | Reached ** piety under the Shining One
  4461 | Ossuary  | Reached *** piety under the Shining One
  4628 | Ossuary  | Reached **** piety under the Shining One
  4707 | D:6      | Reached skill level 5 in Maces & Flails
  4838 | D:6      | Reached XP level 9. HP: 44/56 MP: 9/9
  5707 | D:7      | Reached ***** piety under the Shining One
  5726 | D:7      | Found a white marble altar of Elyvilon.
  5840 | D:7      | Found a runed translucent door.
  5841 | D:7      | Noticed Crazy Yiuf
  6102 | D:7      | Noticed Joseph
  6114 | D:7      | Killed Joseph
  6928 | D:8      | Got a thick robe
  6984 | D:8      | Reached XP level 10. HP: 58/63 MP: 10/10
  7101 | D:8      | Reached skill level 5 in Dodging
  7425 | D:9      | Found a staircase to the Orcish Mines.
  7973 | D:9      | Found a burning altar of Makhleb.
  8302 | D:10     | Entered Level 10 of the Dungeon
  8581 | D:10     | Noticed Josephine
  8617 | D:10     | Killed Josephine
  9033 | D:11     | Reached XP level 11. HP: 67/69 MP: 11/11
  9054 | D:11     | Noticed a green ugly thing
  9079 | D:11     | Killed a green ugly thing
  9116 | D:11     | Found Zupsuzya's Book Shop.
  9451 | D:11     | Killed from afar by an acid dragon

Skill      XL: |  1  2  3  4  5  6  7  8  9 10 11 |
---------------+----------------------------------+-----
Dodging        | 1 2 3 4 6 |  6.4
Fighting       | 4 5 6 7 8 9 |  9.2
Armour         | 4 5 6 7 8 9 |  9.2
Shields        | 4 5 6 7 8 9 |  9.2
Maces & Flails | 3 4 5 6 7 8 |  8.1

Action                   |  1- 3 |  4- 6 |  7- 9 | 10-12 || total
-------------------------+-------+-------+-------+-------++-------
Melee: Flail             |   155 |   261 |   536 |    37 ||   989
       Whip              |       |       |       |   570 ||   570
  Use: Scroll            |       |       |     1 |       ||     1
       Potion            |       |       |     1 |     1 ||     2
  Eat: Chunk             |     2 |     8 |    14 |     6 ||    30
       Ration            |       |       |       |     2 ||     2
Armor: Scale mail        |    82 |   140 |    35 |       ||   257
       Chain mail        |       |       |   156 |       ||   156
       Plate armour      |       |       |    63 |   319 ||   382
Dodge: Dodged            |    55 |    96 |   151 |   116 ||   418
Block: Shield            |    77 |   143 |   267 |   279 ||   766
